AoeStats
← King of Manzairra

Enclosed

505148847Analyzed
1v1 RM · 23d ago on Sep 8, 2026· 27m 29s· 2 players
Game mode
Random Map
Map size
Tiny (2 player)
Population
200
Speed
Normal
Resources
Standard
Victory
Conquest
Starting age
Dark Age
Ending age
Imperial Age
RankedLock teamsTeams togetherTeam positionsShared explorationLock speedFull tech treeHidden civsTurbo modeCheats
Victory
Defeat
🇦🇷 Bulgarians · Argentina
1486
+17
🇨🇦 Britons · Canada
1507
-17
Lord_M@ster
0:53 Loom
9:49 Feudal Age
11:25 Scale Mail Armor
11:35 Forging
15:42 Double-Bit Axe
16:05 Fletching
16:21 Town Watch
18:17 Horse Collar
22:45 Gold Mining
25:05 Castle Age
23:33 Stone Mining
24:03 Arson
26:12 Chain Mail Armor
26:54 Iron Casting
27:19 Bodkin Arrow
28:22 Wheelbarrow
King of Manzairra
6:08 Loom
9:34 Feudal Age
10:09 Double-Bit Axe
16:18 Forging
16:08 Fletching
20:34 Wheelbarrow
24:30 Castle Age
23:48 Padded Archer Armor
25:58 Crossbowman
26:45 Bodkin Arrow
Connection lost

Rejoining the realm…

Still unreachable

The connection could not be restored.

Session expired

The server has moved on; the page needs a fresh start.